[Event "Titled Tuesday Blitz August 16 Late 2022"]
[White "Rios Escobar, Adan"]
[Black "Do Nascimento,Christian Almeida"]
[WhiteFideId "3403645"]
[BlackFideId "2143801"]
[WhiteElo "2276"]
[BlackElo "2085"]
[Result "1-0"]
[Round "08"]
[TimeControl "180+1"]
[Date "2022.08.18"]
[WhiteClock "0:00:00"]
[BlackClock "0:00:00"]

1. d4 Nf6 2. g3 e6 3. c4 d5 4. Nf3 Bb4+ 5. Nbd2 O-O 6. Bg2 c5 7. dxc5 Bxc5 8. O-O Nc6 9. b3 dxc4 10. Nxc4 Qe7 11. e3 e5 12. Bb2 Bg4 13. h3 Rfd8 14. Qe2 Bf5 15. Rfd1 e4 16. Nfd2 b5 17. Bxf6 Qxf6 18. Nxe4 Bxe4 19. Bxe4 bxc4 20. Qxc4 Bxe3 21. fxe3 Ne5 22. Qf1 Qxf1+ 23. Kxf1 Rac8 24. Ke2 Kf8 25. Rxd8+ Rxd8 26. Rd1 Rxd1 27. Kxd1 Ke7 28. Kd2 h6 29. Kc3 Kd6 30. Kd4 g6 31. g4 Nd7 32. b4 Nf8 33. Bd5 f6 34. a4 Nd7 35. a5 Kc7 36. Be4 Nf8 37. Kd5 Kd7 38. h4 Kc7 39. b5 h5 40. gxh5 gxh5 41. Bf5 Kb7 42. Kd6 a6 43. b6 Kb8 44. Ke7 1-0


[Site "https://www.chess.com"]

[Event "Titled Tuesday Blitz August 16 Late 2022"]
[White "Romanchuk, Viktor"]
[Black "Melikhov, Evgeny V."]
[WhiteFideId "14109271"]
[BlackFideId "4122046"]
[WhiteElo "2242"]
[BlackElo "1963"]
[Result "1-0"]
[Round "08"]
[TimeControl "180+1"]
[Date "2022.08.18"]
[WhiteClock "0:00:00"]
[BlackClock "0:00:00"]

1. d4 Nf6 2. c4 e6 3. Nc3 Bb4 4. e3 b6 5. Ne2 Ba6 6. Ng3 O-O 7. Bd3 d5 8. cxd5 Bxd3 9. Qxd3 exd5 10. O-O c5 11. dxc5 bxc5 12. a3 Bxc3 13. Qxc3 Nbd7 14. b4 cxb4 15. axb4 Qc8 16. Qd4 Qc4 17. Bb2 Qxd4 18. Bxd4 a6 19. Ra4 Rab8 20. Rb1 Rfc8 21. h3 Rc6 22. Nf5 Kf8 23. Rba1 g6 24. Rxa6 Rxa6 25. Rxa6 Ne4 26. Nd6 Rxb4 27. Ra8+ Ke7 28. Nc8+ Ke6 29. Ra6+ Kf5 30. Ne7+ Kg5 31. g3 Rb1+ 32. Kg2 Ndf6 33. Ra5 Kh6 34. Bxf6 Nxf6 35. Nxd5 Nxd5 36. Rxd5 Kg7 37. h4 h5 38. Rg5 Kf6 39. Rc5 Rb3 40. Rc4 Ra3 41. g4 hxg4 42. Rxg4 Rb3 43. Rd4 Ra3 44. Rd5 Rb3 45. h5 gxh5 46. Rxh5 Ke6 47. Ra5 Kf6 48. Kf3 Rb4 49. e4 Kg6 50. Kf4 Rb6 51. f3 f6 52. Kg4 Rb1 53. Ra8 Rb5 54. Kf4 Rc5 55. Rg8+ Kf7 56. Rg1 Ra5 57. Rd1 Kg6 58. Rg1+ Kf7 59. Rd1 Kg6 60. Rd5 Ra4 61. Rd6 Ra5 62. Kg4 Rg5+ 63. Kf4 Ra5 64. Kg3 Rg5+ 65. Kf2 Ra5 66. f4 Ra3 67. e5 Kf5 68. Rxf6+ 1-0


[Site "https://www.chess.com"]

[Event "Titled Tuesday Blitz August 16 Late 2022"]
[White "Romero Ruscalleda, Josep"]
[Black "Uskov, Artem"]
[WhiteFideId "2231859"]
[BlackFideId "34254854"]
[WhiteElo "2193"]
[BlackElo "2335"]
[Result "0-1"]
[Round "08"]
[TimeControl "180+1"]
[Date "2022.08.18"]
[WhiteClock "0:00:00"]
[BlackClock "0:00:00"]

1. e4 Nf6 2. e5 Nd5 3. Nf3 d6 4. d4 Bg4 5. Be2 e6 6. O-O Be7 7. c4 Nb6 8. exd6 cxd6 9. b3 O-O 10. Be3 Nc6 11. Nc3 d5 12. c5 Nd7 13. Qd2 a6 14. h3 Bh5 15. Rfe1 b6 16. cxb6 Qxb6 17. Rac1 Bg6 18. Na4 Qb7 19. Bd3 Ba3 20. Rcd1 Bxd3 21. Qxd3 Nb4 22. Qb1 Rfc8 23. Re2 Qb5 24. Red2 Rc6 25. Ng5 g6 26. Nb2 Rac8 27. Nd3 Nf6 28. Nxb4 Rc1 29. Qd3 Bxb4 30. Qxb5 axb5 31. Rd3 R1c2 32. a4 h6 33. Nf3 Ne4 34. axb5 Nc3 35. Ra1 Nxb5 36. Ra6 Nd6 37. Rb6 Ba3 38. b4 Nc4 39. Rb7 Bc1 40. Ne5 Bxe3 41. Nxc4 Bxf2+ 42. Kf1 dxc4 43. Rf3 Bxd4 44. Rfxf7 Rf8 45. Rxf8+ Kxf8 46. b5 c3 0-1


[Site "https://www.chess.com"]

[Event "Titled Tuesday Blitz August 16 Late 2022"]
[White "Rose, Felix"]
[Black "Fernandez Hernandez, Gerardo"]
[WhiteFideId "5105722"]
[BlackFideId "2207400"]
[WhiteElo "2039"]
[BlackElo "2169"]
[Result "0-1"]
[Round "08"]
[TimeControl "180+1"]
[Date "2022.08.18"]
[WhiteClock "0:00:00"]
[BlackClock "0:00:00"]

1. e4 e6 2. d4 d5 3. Nc3 Nc6 4. Nf3 Nf6 5. e5 Ne4 6. a3 Nxc3 7. bxc3 Be7 8. h4 h6 9. Bd3 b6 10. h5 Bb7 11. Nd2 Na5 12. Qg4 Bg5 13. f4 f5 14. exf6 Bxf6 15. Qxe6+ Qe7 16. Bg6+ Kd8 17. Qxe7+ Kxe7 18. O-O Rhd8 19. a4 Kf8 20. Ba3+ Kg8 21. Nf3 Nc4 22. Ne5 Nxa3 23. Rxa3 a5 24. g4 Bc8 25. Nf7 Rf8 26. g5 Be7 27. gxh6 Rxf7 28. h7+ Kh8 29. Bxf7 Bxa3 30. Bg8 Bf5 31. Ra1 Bd6 32. h6 Bxh7 33. hxg7+ Kxg8 34. Kf2 Re8 35. Rh1 Re7 36. f5 Rxg7 37. f6 Rf7 38. Rh6 Bf4 39. Rh4 Rxf6 40. Kg2 Bd6 41. Rg4+ Rg6 42. Kf3 Rxg4 43. Kxg4 Bxc2 44. Kg5 Bxa4 45. Kf6 Bc6 46. Ke6 a4 47. c4 a3 48. cxd5 Bb7 49. Kd7 a2 50. Kd8 a1=Q 51. Kd7 Qa4+ 52. Kd8 Qa8+ 53. Kd7 Qc8# 0-1


[Site "https://www.chess.com"]

[Event "Titled Tuesday Blitz August 16 Late 2022"]
[White "Sailer, Mike"]
[Black "Vargas Pereda, Jesus Manue"]
[WhiteFideId "2012901"]
[BlackFideId "5115710"]
[WhiteElo "2109"]
[BlackElo "1950"]
[Result "1-0"]
[Round "08"]
[TimeControl "180+1"]
[Date "2022.08.18"]
[WhiteClock "0:00:00"]
[BlackClock "0:00:00"]

1. d4 Nf6 2. Nc3 c5 3. d5 e6 4. e4 exd5 5. exd5 d6 6. Bb5+ Bd7 7. a4 a6 8. Bxd7+ Nbxd7 9. Nf3 g6 10. O-O Bg7 11. Re1+ Kf8 12. Bf4 Nb6 13. Qd3 Qd7 14. a5 Nc8 15. Qd2 b5 16. Bh6 Ne7 17. Qg5 Re8 18. Qxf6 1-0


[Site "https://www.chess.com"]

[Event "Titled Tuesday Blitz August 16 Late 2022"]
[White "Senthil Maran K"]
[Black "Vasquez Schroeder, Rodrigo"]
[WhiteFideId "25035681"]
[BlackFideId "3400042"]
[WhiteElo "2124"]
[BlackElo "2567"]
[Result "0-1"]
[Round "08"]
[TimeControl "180+1"]
[Date "2022.08.16"]
[WhiteClock "0:00:02"]
[BlackClock "0:01:22"]

1. c4 c5 2. Nf3 Nf6 3. g3 b6 4. Bg2 Bb7 5. O-O e6 6. d4 cxd4 7. Qxd4 d6 8. Nc3 a6 9. b3 Nbd7 10. Ba3 Nc5 11. Rfd1 Be7 12. Ng5 Bxg2 13. Kxg2 Qc7 14. Nge4 Rd8 15. f3 O-O 16. Rd2 Qb7 17. Rad1 h6 18. Bxc5 bxc5 19. Qd3 Qc6 20. Nxf6+ Bxf6 21. Qe4 Qc7 22. Na4 Rfe8 23. h4 d5 24. cxd5 exd5 25. Qc2 c4 26. Rxd5 Rxd5 27. Rxd5 c3 28. Rc5 Qe7 29. e4 Rd8 30. Rxc3 Bxc3 31. Qxc3 Qa3 32. Qc2 Qb4 33. Kh3 Qd2 34. Qxd2 Rxd2 35. a3 Rd3 36. Nc5 Rxf3 37. a4 a5 38. Kg4 Rc3 39. Nb7 Rxb3 40. Nxa5 Rb4 41. Kf4 Rxa4 42. Nc6 Kf8 43. h5 Ke8 44. Ne5 Ra5 45. Ng4 Rxh5 46. Ne3 Ra5 47. Nf5 Kf8 48. Nd6 g6 49. g4 Ra3 50. Nc4 Rc3 51. Ne5 Kg7 52. Nd7 Rd3 53. Ne5 Rc3 54. Nd7 f6 55. Nb6 Kf7 56. e5 g5+ 57. Ke4 Rg3 0-1


[Site "https://www.chess.com"]

[Event "Titled Tuesday Blitz August 16 Late 2022"]
[White "Solon, Nathan"]
[Black "Kamsky, Gata"]
[WhiteFideId "2017229"]
[BlackFideId "2000024"]
[WhiteElo "2646"]
[BlackElo "2666"]
[Result "0-1"]
[Round "08"]
[TimeControl "180+1"]
[Date "2022.08.16"]
[WhiteClock "0:00:01"]
[BlackClock "0:00:17"]

1. e4 c5 2. Nf3 e6 3. d3 Nc6 4. g3 g6 5. Bg2 Bg7 6. O-O d6 7. c3 e5 8. a3 Nf6 9. b4 O-O 10. b5 Ne7 11. c4 Ne8 12. Nc3 f5 13. Ra2 Nc7 14. exf5 Nxf5 15. Ng5 h6 16. Nge4 Ne6 17. Nd5 g5 18. a4 Rb8 19. a5 Rf7 20. Kh1 Qf8 21. f4 exf4 22. gxf4 g4 23. Qxg4 Ned4 24. Qh5 Be6 25. Bh3 Bxd5 26. cxd5 Re7 27. Rg2 Qf7 28. Qd1 Kh8 29. b6 axb6 30. axb6 Qxd5 31. Rfg1 c4 32. Nc3 Qc6 33. dxc4 Qxc4 34. Bd2 Qc6 35. Qh5 Rf8 36. Qg6 Re6 37. Qh5 Re7 38. Bxf5 Nxf5 39. Qh3 Kh7 0-1


[Site "https://www.chess.com"]

[Event "Titled Tuesday Blitz August 16 Late 2022"]
[White "Sourath Biswas"]
[Black "Chernomordik, Pavel"]
[WhiteFideId "35091484"]
[BlackFideId "2804530"]
[WhiteElo "1777"]
[BlackElo "2217"]
[Result "1-0"]
[Round "08"]
[TimeControl "180+1"]
[Date "2022.08.16"]
[WhiteClock "0:00:10"]
[BlackClock "0:00:08"]

1. d4 g6 2. Bf4 Bg7 3. Nc3 d6 4. e4 a6 5. Qd2 b5 6. O-O-O Bb7 7. f3 Nd7 8. h4 h6 9. g4 e6 10. Nge2 Nb6 11. Ng3 Ne7 12. Be2 Qd7 13. Rhe1 O-O-O 14. Qe3 Kb8 15. Qf2 Nc6 16. Be3 Na5 17. e5 Nac4 18. Nce4 Nxe3 19. Qxe3 Nd5 20. Qb3 Qc6 21. exd6 cxd6 22. Kb1 Rc8 23. Rc1 Bxd4 24. c4 bxc4 25. Rxc4 Qb6 26. Qxb6 Bxb6 27. Nxd6 Rxc4 28. Bxc4 Bf2 29. Nxf7 Rf8 30. Rxe6 Bxg3 31. Nxh6 Rxf3 32. Rxg6 Ne3 33. Bd3 Nxg4 34. Rg8+ Ka7 35. Be2 Be4+ 36. Kc1 Bf4+ 37. Kd1 Ne3+ 38. Ke1 Bg3+ 39. Kd2 Nf1+ 40. Bxf1 Rxf1 41. Rxg3 Rf2+ 42. Ke3 Bb1 43. Kxf2 Bxa2 44. Rg7+ 1-0


[Site "https://www.chess.com"]

[Event "Titled Tuesday Blitz August 16 Late 2022"]
[White "Stanisz, Patryk"]
[Black "Altman, Joshua"]
[WhiteFideId "1123106"]
[BlackFideId "426210"]
[WhiteElo "1833"]
[BlackElo "1945"]
[Result "0-1"]
[Round "08"]
[TimeControl "180+1"]
[Date "2022.08.18"]
[WhiteClock "0:00:00"]
[BlackClock "0:00:00"]

1. d4 Nf6 2. c4 e6 3. Nc3 Bb4 4. e3 O-O 5. Ne2 d5 6. a3 Bd6 7. cxd5 exd5 8. Ng3 c6 9. Bd3 Re8 10. O-O Ng4 11. Nce2 Be6 12. h3 Nf6 13. Nf5 Bxf5 14. Bxf5 Nbd7 15. Bc2 Ne4 16. f3 Ng5 17. Qd3 Nf6 18. Nc3 Nh5 19. h4 Nh3+ 20. gxh3 Qxh4 21. Qxh7+ Kf8 22. Rf2 Qg3+ 23. Kf1 Qxh3+ 24. Ke2 Ng3+ 25. Kd2 Nf1+ 26. Ke2 Ng3+ 27. Kd2 Nf1+ 28. Rxf1 Qxf1 29. Qh8+ Ke7 30. Qh4+ f6 31. Qg4 Qf2+ 32. Ne2 Kd8 33. b4 Qxe3+ 34. Kd1 Qxe2# 0-1


[Site "https://www.chess.com"]

[Event "Titled Tuesday Blitz August 16 Late 2022"]
[White "Stanojoski, Zvonko"]
[Black "Bogaudinov, Rushan"]
[WhiteFideId "15000257"]
[BlackFideId "4129288"]
[WhiteElo "2364"]
[BlackElo "2040"]
[Result "0-1"]
[Round "08"]
[TimeControl "180+1"]
[Date "2022.08.18"]
[WhiteClock "0:00:00"]
[BlackClock "0:00:00"]

1. e4 a6 2. d4 e6 3. f4 b5 4. Nf3 Bb7 5. Bd3 c5 6. c3 d5 7. e5 c4 8. Bc2 g6 9. Be3 Nh6 10. h3 Be7 11. g4 Nc6 12. O-O b4 13. f5 Nxf5 14. gxf5 gxf5 15. Kh2 Kd7 16. Ba4 Kc7 17. Bxc6 Bxc6 18. cxb4 Bxb4 19. a3 Be7 20. b4 a5 21. Nc3 axb4 22. axb4 Bxb4 23. Qd2 Be7 24. Bg5 h6 25. Bxe7 Qxe7 26. Rxa8 Rxa8 27. Qxh6 Ra3 28. Rc1 Qb4 29. Qd2 Rb3 30. h4 Ba4 31. Nxa4 Qxa4 32. Rf1 Qa3 33. Kg3 Rd3 34. Qg5 Rxd4 35. Qf6 Rg4+ 36. Kh3 Qf8 37. Rg1 Rxg1 38. Nxg1 Qg8 39. Kh2 Qg6 40. Qe7+ Kc6 41. Nf3 Qg4 42. Qe8+ Kc5 43. Qe7+ Kb5 44. Qb7+ Kc5 45. Qa7+ Kb5 46. Nd4+ Kb4 47. Qb6+ Kc3 48. Nb5+ Kd3 49. Qf2 c3 50. Na3 d4 51. Qc2+ Ke3 52. Nc4+ Kf4 53. Qf2+ Ke4 0-1


[Site "https://www.chess.com"]

[Event "Titled Tuesday Blitz August 16 Late 2022"]
[White "Swiercz, Dariusz"]
[Black "Fus, Jakub"]
[WhiteFideId "1126881"]
[BlackFideId "1193023"]
[WhiteElo "2627"]
[BlackElo "2220"]
[Result "1/2-1/2"]
[Round "08"]
[TimeControl "180+1"]
[Date "2022.08.16"]
[WhiteClock "0:00:30"]
[BlackClock "0:00:23"]

1. Nf3 d5 2. b3 Nf6 3. Bb2 Bf5 4. e3 e6 5. Nh4 Bg6 6. Nxg6 hxg6 7. g3 Nbd7 8. Bg2 Bd6 9. d3 a5 10. a3 Qe7 11. Nd2 e5 12. Qe2 c6 13. c4 g5 14. h3 Kf8 15. cxd5 cxd5 16. Nf3 g4 17. hxg4 Rxh1+ 18. Bxh1 Nxg4 19. Nh4 Ngf6 20. Nf5 Qe6 21. Nxd6 Qxd6 22. Rc1 Nb8 23. Qc2 Nc6 24. Qc5 Qxc5 25. Rxc5 Rd8 26. Rb5 Rd7 27. f4 Ng4 28. Kd2 e4 29. Bg2 Nf2 30. Bf1 Nxd3 31. Bxd3 exd3 32. Kxd3 f6 33. Bc3 a4 34. bxa4 Ke7 35. a5 Kd6 36. g4 Kc7 37. Rb1 Kb8 38. a6 Ka7 39. Rxb7+ Rxb7 40. axb7 Kxb7 41. e4 Ne7 42. Bb4 Ng6 43. Ke3 dxe4 44. Kxe4 Nh4 45. Bf8 g6 46. Kd5 Ng2 47. Bd6 Ne3+ 48. Ke6 Nxg4 49. Kf7 g5 50. f5 Ne3 51. Kxf6 Nxf5 52. Kxf5 g4 53. Kxg4 Ka8 54. Bb4 Kb7 55. Kf5 Ka8 56. Ke4 Kb7 57. Kd5 Ka8 58. Kc4 Kb7 59. Kb5 Ka8 60. a4 Kb7 61. a5 Ka8 62. Bc5 Kb7 63. a6+ Ka8 64. Kc6 Kb8 65. Kb6 Ka8 66. a7 1/2-1/2


[Site "https://www.chess.com"]

[Event "Titled Tuesday Blitz August 16 Late 2022"]
[White "Tanenbaum, Zachary"]
[Black "Proudian, Armen"]
[WhiteFideId "2060850"]
[BlackFideId "2130734"]
[WhiteElo "2175"]
[BlackElo "2380"]
[Result "0-1"]
[Round "08"]
[TimeControl "180+1"]
[Date "2022.08.16"]
[WhiteClock "0:00:01"]
[BlackClock "0:01:11"]

1. e4 e5 2. Nf3 Nc6 3. Bc4 Bc5 4. c3 Nf6 5. d3 d6 6. Nbd2 a6 7. a4 Ba7 8. Nf1 h6 9. Ng3 Be6 10. Bxe6 fxe6 11. O-O Qd7 12. h3 g5 13. Be3 O-O-O 14. b4 Bxe3 15. fxe3 Rdf8 16. b5 Nb8 17. Qb3 a5 18. d4 g4 19. hxg4 Nxg4 20. dxe5 Nxe3 21. Rfe1 Nxg2 22. Kxg2 Rhg8 23. Rg1 Qg7 24. Qxe6+ Nd7 25. Kf2 Qxe5 26. Qxe5 Nxe5 27. Nf5 Ng4+ 28. Ke2 Re8 29. Kd3 Nf2+ 30. Ke3 Rxg1 31. Rxg1 Nxe4 32. Kd4 Nc5 33. b6 Nxa4 34. bxc7 Kxc7 35. Rg7+ Kc6 36. Ne7+ Kb5 37. Nd5 Rb8 38. c4+ Ka6 39. Rd7 b5 40. Rxd6+ Ka7 41. cxb5 Rxb5 42. Rd7+ Rb7 43. Rd6 Nb6 44. Nc3 Rd7 45. Ne4 Rxd6+ 46. Nxd6 a4 47. Nb5+ Ka6 48. Kc5 Nd7+ 49. Kb4 Kb6 50. Nfd4 Nc5 51. Na3 h5 52. Nc4+ Kc7 53. Kxc5 h4 54. Ne6+ Kd7 0-1


[Site "https://www.chess.com"]

[Event "Titled Tuesday Blitz August 16 Late 2022"]
[White "Tarnowska, Aleksandra"]
[Black "Prieto Aranguren, Alain"]
[WhiteFideId "1180967"]
[BlackFideId "2268906"]
[WhiteElo "1700"]
[BlackElo "2224"]
[Result "0-1"]
[Round "08"]
[TimeControl "180+1"]
[Date "2022.08.18"]
[WhiteClock "0:00:00"]
[BlackClock "0:00:00"]

1. e4 c6 2. d4 d5 3. Nc3 a6 4. Be3 h5 5. Qd2 h4 6. h3 Qa5 7. Nge2 dxe4 8. Nxe4 Qxd2+ 9. Bxd2 Nf6 10. N2c3 Nxe4 11. Nxe4 Nd7 12. O-O-O Nf6 13. f3 Bf5 14. Nxf6+ gxf6 15. Bc4 Bh6 16. Rhe1 e6 17. Bxh6 Rxh6 18. Bd3 Bxd3 19. Rxd3 O-O-O 20. Re4 f5 21. Re2 Kd7 22. c4 Ke7 23. b4 Kf6 24. Kc2 Kg5 25. Kc3 Kf4 26. Rde3 Rg6 27. Re5 Rdg8 28. d5 cxd5 29. cxd5 Rxg2 30. d6 Rxe2 31. Rxe2 Rd8 32. Rd2 Kxf3 33. Kc4 e5 34. Kd5 e4 35. Ke5 e3 36. Rd3 f4 37. Kf6 Ke2 38. Rd4 f3 39. Ke7 Rxd6 40. Kxd6 f2 41. Rf4 f1=Q 42. Rxf1 Kxf1 43. Kc7 e2 44. Kxb7 e1=Q 45. Kxa6 Qxb4 46. a3 Qxa3+ 47. Kb5 Qc3 48. Kb6 Ke2 0-1


[Site "https://www.chess.com"]

[Event "Titled Tuesday Blitz August 16 Late 2022"]
[White "Thiel, Thomas"]
[Black "Oro, Luis"]
[WhiteFideId "4615964"]
[BlackFideId "104094"]
[WhiteElo "2230"]
[BlackElo "2255"]
[Result "0-1"]
[Round "08"]
[TimeControl "180+1"]
[Date "2022.08.18"]
[WhiteClock "0:00:00"]
[BlackClock "0:00:00"]

1. e4 c5 2. Nc3 d6 3. f4 g6 4. Nf3 Bg7 5. Bc4 Nc6 6. O-O e6 7. f5 gxf5 8. d3 Nf6 9. Qe1 fxe4 10. dxe4 O-O 11. Bg5 Na5 12. Be2 Qb6 13. Na4 Qc7 14. Qh4 Nd7 15. Bh6 Qd8 16. Ng5 Nf6 17. Bxg7 Kxg7 18. Rxf6 Kxf6 19. Rf1+ Ke7 20. Nxh7+ Kd7 21. Nxf8+ Qxf8 22. Bh5 f5 23. exf5 exf5 24. Qg5 Kc6 25. Bf3+ Kb5 26. Nc3+ Ka6 27. Be2+ c4 28. Qf4 Be6 29. b4 Qf6 30. Ne4 Qd4+ 31. Qf2 Qxe4 32. Bf3 Qe5 33. bxa5 Qxa5 34. Qd4 Rd8 35. h4 Qc5 0-1


[Site "https://www.chess.com"]

[Event "Titled Tuesday Blitz August 16 Late 2022"]
[White "Tristan, Leonardo"]
[Black "Shimanov, Aleksandr"]
[WhiteFideId "113816"]
[BlackFideId "4198603"]
[WhiteElo "2404"]
[BlackElo "2605"]
[Result "0-1"]
[Round "08"]
[TimeControl "180+1"]
[Date "2022.08.16"]
[WhiteClock "0:00:01"]
[BlackClock "0:00:12"]

1. d4 Nf6 2. Nf3 d6 3. Bf4 Nh5 4. Bc1 Nf6 5. Bf4 g6 6. e3 Bg7 7. Be2 O-O 8. O-O c5 9. c3 Qb6 10. Nbd2 Be6 11. dxc5 Qxc5 12. h3 Nc6 13. Qc2 Rac8 14. e4 d5 15. Rad1 dxe4 16. Nxe4 Nxe4 17. Qxe4 Bxa2 18. Be3 Qf5 19. Qa4 Qa5 20. Qxa5 Nxa5 21. Bxa7 Bc4 22. Rfe1 e6 23. Bd4 Rfd8 24. Bf1 Bxf1 25. Kxf1 Nc4 26. b3 Na5 27. b4 Nc4 28. Bxg7 Kxg7 29. Rxd8 Rxd8 30. Ke2 Ra8 31. Rd1 Ra2+ 32. Nd2 f5 33. Ke1 Nb2 34. Rb1 Nd3+ 35. Ke2 Ne5 36. Kd1 Nd3 37. Ke2 Nxf2 38. Ke3 f4+ 39. Kxf2 Rxd2+ 40. Kf3 e5 41. c4 Kf6 42. c5 Rc2 43. g4 Ke6 44. Ke4 Rc4+ 45. Kd3 Kd5 46. h4 e4+ 47. Kd2 Kd4 48. h5 e3+ 49. Ke2 Ke4 50. hxg6 hxg6 51. Rc1 Rxc1 0-1


[Site "https://www.chess.com"]

[Event "Titled Tuesday Blitz August 16 Late 2022"]
[White "Vlassov, Nikolai"]
[Black "Urazayev, Arystanbek"]
[WhiteFideId "4103360"]
[BlackFideId "13709810"]
[WhiteElo "2324"]
[BlackElo "2441"]
[Result "0-1"]
[Round "08"]
[TimeControl "180+1"]
[Date "2022.08.16"]
[WhiteClock "0:01:17"]
[BlackClock "0:01:46"]

1. e4 c6 2. d4 d5 3. e5 c5 4. dxc5 e6 5. Be3 Nd7 6. Bb5 Ne7 7. Nf3 Nc6 8. Bxc6 bxc6 9. b4 a5 10. c3 Ba6 11. Nbd2 Qb8 12. a3 Nxe5 13. Nxe5 Qxe5 14. Qc2 Be7 15. Nb3 axb4 16. axb4 O-O 17. Nd4 Qc7 18. f4 Bd3 19. Qb2 e5 20. fxe5 Qxe5 21. Kd2 Qe4 22. Nxc6 Qxg2+ 23. Kxd3 Qxb2 24. Nxe7+ Kh8 25. Rxa8 Rxa8 26. c6 Qg2 27. c7 Qe4+ 0-1


[Site "https://www.chess.com"]

[Event "Titled Tuesday Blitz August 16 Late 2022"]
[White "Wachinger, Guenther"]
[Black "Jorajuria Mendoza, Algol"]
[WhiteFideId "4604261"]
[BlackFideId "5128897"]
[WhiteElo "2212"]
[BlackElo "1600"]
[Result "1/2-1/2"]
[Round "08"]
[TimeControl "180+1"]
[Date "2022.08.18"]
[WhiteClock "0:00:00"]
[BlackClock "0:00:00"]

1. e4 c5 2. Nf3 Nc6 3. Bb5 g6 4. O-O Bg7 5. c3 Nf6 6. Re1 O-O 7. d4 cxd4 8. cxd4 d5 9. e5 Ne4 10. Bxc6 bxc6 11. Be3 Rb8 12. Qc1 Qb6 13. b3 a5 14. Nc3 Nxc3 15. Qxc3 a4 16. bxa4 Ba6 17. Rec1 Rfc8 18. Bg5 e6 19. Be7 Bf8 20. Bxf8 Kxf8 21. Nd2 c5 22. dxc5 Qb4 23. Nb3 Bc4 24. Qh3 Kg7 25. Qh4 Qxa4 26. Qf6+ Kg8 27. Nd4 Rxc5 28. Nxe6 fxe6 29. Qxe6+ Kh8 30. Qf6+ Kg8 31. Qe6+ Kh8 32. Rab1 Rcb5 33. Qf6+ Kg8 34. Qe6+ Kh8 35. Qf6+ Kg8 36. Qe6+ Kh8 1/2-1/2


[Site "https://www.chess.com"]

[Event "Titled Tuesday Blitz August 16 Late 2022"]
[White "Wadsworth, Matthew J"]
[Black "Djordjevic, Vuk"]
[WhiteFideId "415804"]
[BlackFideId "902098"]
[WhiteElo "2294"]
[BlackElo "2456"]
[Result "0-1"]
[Round "08"]
[TimeControl "180+1"]
[Date "2022.08.16"]
[WhiteClock "0:01:10"]
[BlackClock "0:02:25"]

1. c4 e5 2. g3 Nc6 3. Nc3 d6 4. Bg2 Be6 5. d3 Qd7 6. Rb1 g6 7. b4 Bg7 8. b5 Nd8 9. e4 Ne7 10. h4 h6 11. Nge2 O-O 12. Be3 f5 13. Qd2 Kh7 14. h5 g5 15. exf5 Nxf5 16. Be4 Kg8 17. Nd5 c6 18. bxc6 bxc6 19. Ndc3 d5 20. cxd5 cxd5 21. Bxf5 Bxf5 22. Bc5 Rf7 23. Rb3 Qc6 24. d4 Ne6 25. O-O Nxc5 26. dxc5 d4 27. Nb5 Bh3 28. f3 Bxf1 29. Kxf1 Rxf3+ 30. Rxf3 Qxf3+ 31. Kg1 d3 0-1


[Site "https://www.chess.com"]

[Event "Titled Tuesday Blitz August 16 Late 2022"]
[White "Wieczorek, Oskar"]
[Black "Bortnyk, Olexandr"]
[WhiteFideId "1133950"]
[BlackFideId "14120828"]
[WhiteElo "2302"]
[BlackElo "2723"]
[Result "0-1"]
[Round "08"]
[TimeControl "180+1"]
[Date "2022.08.16"]
[WhiteClock "0:00:02"]
[BlackClock "0:01:28"]

1. e4 Nf6 2. e5 Nd5 3. d4 d6 4. Nf3 dxe5 5. Nxe5 c6 6. Be2 Bf5 7. Nf3 Nd7 8. O-O e6 9. c4 N5f6 10. Nc3 Bd6 11. Nh4 Bg6 12. g3 O-O 13. Be3 Qc7 14. Nxg6 hxg6 15. f4 Bb4 16. Qb3 Bxc3 17. Qxc3 Rfd8 18. Bf3 a5 19. Rfd1 a4 20. Kg2 Qa5 21. Rac1 Qf5 22. h3 Ne4 23. Qc2 Nd6 24. g4 Qf6 25. c5 Nb5 26. g5 Qe7 27. h4 Nc7 28. h5 gxh5 29. Bxh5 Nd5 30. Bd2 f5 31. Rh1 Nf8 32. Bf3 Ng6 33. Kg3 Qc7 34. Bxd5 Rxd5 35. Be3 Rxd4 36. Bxd4 Qxf4+ 37. Kg2 Qxd4 38. Qc4 Qd2+ 39. Kg3 Qe3+ 40. Kh2 Qf2+ 0-1


[Site "https://www.chess.com"]

[Event "Titled Tuesday Blitz August 16 Late 2022"]
[White "Winterberg, Lukas"]
[Black "Gallana, Marco"]
[WhiteFideId "24622702"]
[BlackFideId "824542"]
[WhiteElo "2349"]
[BlackElo "2290"]
[Result "0-1"]
[Round "08"]
[TimeControl "180+1"]
[Date "2022.08.18"]
[WhiteClock "0:00:00"]
[BlackClock "0:00:00"]

1. Nf3 Nf6 2. c4 g6 3. Nc3 Bg7 4. d4 d5 5. cxd5 Nxd5 6. e4 Nxc3 7. bxc3 c5 8. Bb5+ Nc6 9. Rb1 O-O 10. d5 Ne5 11. O-O a6 12. Be2 Nxf3+ 13. Bxf3 b5 14. Be3 Qd6 15. Qd2 Be5 16. Kh1 f5 17. Bh6 Rf7 18. exf5 Bxf5 19. Rbe1 Rd8 20. g3 Bh3 21. Qe3 Bxf1 22. Rxf1 Bg7 23. Bf4 Rxf4 24. gxf4 Rf8 25. Bg2 Rxf4 26. Re1 Bf6 27. Qg3 Rh4 28. Kg1 Qxg3 29. hxg3 Ra4 30. Re2 Kf7 31. Bh3 Ra3 32. Be6+ Kf8 33. c4 bxc4 34. Rc2 c3 35. Kg2 Kg7 36. Kf3 Bd4 37. Ke4 Kf6 38. f4 Ra4 39. Kd3 Rb4 40. Rh2 h5 41. g4 hxg4 42. Rh7 g5 43. Rf7+ Kg6 44. f5+ Kh6 45. f6 Bxf6 46. Bf5 Rd4+ 47. Ke2 Bg7 48. Rxe7 g3 49. Kf3 g2 50. Kxg2 c2 51. Re6+ Kh5 52. Bxc2 Rd2+ 53. Kf3 Rxc2 54. d6 Rd2 55. Ke3 Rd1 56. Ke4 c4 57. Re7 Bb2 58. Rh7+ Kg4 59. Rc7 c3 60. Ke5 Ba3 61. Ke6 Rxd6+ 62. Kf7 Rd3 63. Rc4+ Kg3 64. Ke6 g4 65. Kf5 Rf3+ 66. Kg5 Kf2 67. Rxg4 Rg3 68. Rxg3 Kxg3 69. Kf5 c2 70. Ke4 c1=Q 71. Kd3 Qb2 72. Kc4 Qxa2+ 73. Kd4 Qb2+ 74. Kc4 Bb4 75. Kd5 a5 76. Kc6 a4 77. Kb5 a3 78. Ka4 a2 79. Kb5 a1=Q 80. Kc4 Qaa2+ 81. Kb5 Be1+ 82. Kc6 Qc3+ 83. Kd7 Qad2+ 84. Ke8 Qe5+ 85. Kf7 Qdf4+ 86. Kg6 Qeg5+ 87. Kh7 Qfh4# 0-1


[Site "https://www.chess.com"]

[Event "Titled Tuesday Blitz August 16 Late 2022"]
[White "Wu, Rochelle"]
[Black "Kalavannan, Koby"]
[WhiteFideId "30908132"]
[BlackFideId "425753"]
[WhiteElo "2168"]
[BlackElo "1927"]
[Result "0-1"]
[Round "08"]
[TimeControl "180+1"]
[Date "2022.08.16"]
[WhiteClock "0:00:12"]
[BlackClock "0:01:01"]

1. b3 e5 2. Bb2 d6 3. e3 Nf6 4. g3 Bg4 5. f3 Be6 6. Bg2 Nc6 7. Ne2 d5 8. d4 e4 9. Nf4 exf3 10. Bxf3 Bf5 11. Nd2 Nb4 12. O-O Nxc2 13. Rc1 Nb4 14. Bxd5 Nbxd5 15. Nxd5 Qxd5 16. e4 Nxe4 17. Nc4 Bh3 18. Re1 Bb4 19. Ne3 Qd7 0-1


[Site "https://www.chess.com"]

[Event "Titled Tuesday Blitz August 16 Late 2022"]
[White "Zenin, Dmitry"]
[Black "Karaev, Seit-Amet"]
[WhiteFideId "4127897"]
[BlackFideId "4169549"]
[WhiteElo "2215"]
[BlackElo "2272"]
[Result "0-1"]
[Round "08"]
[TimeControl "180+1"]
[Date "2022.08.18"]
[WhiteClock "0:00:00"]
[BlackClock "0:00:00"]

1. d4 Nf6 2. c4 c5 3. d5 b5 4. cxb5 a6 5. bxa6 Bxa6 6. Nc3 Qa5 7. Bd2 g6 8. Nf3 Bg7 9. g3 O-O 10. Bg2 d6 11. O-O Nbd7 12. Qc2 Rfb8 13. Rab1 Ng4 14. h3 Nge5 15. Nxe5 Nxe5 16. b3 Qa3 17. Bc1 Qa5 18. Bd2 Qa3 19. Bc1 Qb4 20. Bd2 c4 21. Ne4 cxb3 22. axb3 Qa3 23. Bg5 Kf8 24. Rfc1 h6 25. Be3 Rc8 26. Qd1 Rxc1 27. Rxc1 Rb8 28. Rb1 f5 29. Nd2 Qa2 30. Bf1 Nd7 31. Rc1 Qa5 32. Rc6 Bb7 33. Rc2 Qxd5 34. f3 Ra8 35. Qc1 Ra1 0-1


[Site "https://www.chess.com"]